 Dungeon Crawl Stone Soup version 0.17.0-27-g4a3f43e (console) character file.

82 jw the Cutter (level 4, 0/31 HPs)
             Began as an Octopode Berserker on Nov 22, 2015.
             Was a Believer of Trog.
             Succumbed to an adder's poison
             ... on level 2 of the Dungeon.
             The game lasted 00:05:49 (1990 turns).

jw the Cutter (Octopode Berserker)                  Turns: 1990, Time: 00:05:49

Health: 0/31       AC:  1    Str: 16    XL:     4   Next: 43%
Magic:  4/4        EV: 13    Int:  9    God:    Trog [**....]
Gold:   22         SH:  0    Dex: 12    Spells: 0 memorised, 3 levels left

rFire  . . .     SeeInvis .     a - +0 short sword
rCold  . . .     Clarity  .     (no shield)
rNeg   . . .     SustAt   .     (helmet restricted)
rPois  .         Gourm    .     (no amulet)
rElec  .         Spirit   .     (no ring)
rCorr  .         Warding  .     (no ring)
rMut   .         Stasis   .     (no ring)
MR     .....                    (no ring)
Stlth  +++.......               (no ring)
                                (no ring)
                                (no ring)
                                (no ring)

@: lethally poisoned (0 -> -6), not resistant to hostile enchantments, fairly
stealthy
A: almost no armour, amphibious, 8 rings, constrict 8, camouflage 1, gelatinous
body 1
a: Berserk, Trog's Hand, Burn Spellbooks, Renounce Religion


You were on level 2 of the Dungeon.
You worshipped Trog.
Trog was pleased with you.
You were not hungry.

You visited 1 branch of the dungeon, and saw 2 of its levels.

You collected 22 gold pieces.

Inventory:

Hand Weapons
 a - a +0 short sword (weapon)
Missiles
 g - 43 stones (quivered)
Scrolls
 c - 3 scrolls of identify
Potions
 e - 2 potions of heal wounds {unknown}
Comestibles
 b - a bread ration


   Skills:
 + Level 3.2 Fighting
 * Level 3.9 Short Blades
 + Level 1.1 Throwing
 + Level 3.2 Dodging
 * Level 2.7 Stealth


You had 3 spell levels left.
You didn't know any spells.

Dungeon Overview and Level Annotations

Branches:
Dungeon (2/15)

Altars:
Qazlal


Innate Abilities, Weirdness & Mutations

You cannot wear most types of armour.
You are amphibious.
You can wear up to eight rings at the same time.
You can use your tentacles to constrict eight enemies at once.
Your skin changes colour to match your surroundings (Stealth).
Your rubbery body absorbs attacks (AC +1).


Message History

You barely miss the giant newt. Your grab misses the giant newt.
The adder closely misses you. The giant newt misses you.
ATTACK MOVE TO (-1,0)
You hit the giant newt.
You kill the giant newt!
Trog accepts your kill.
You feel sick. The adder bites you. The kobold barely misses you.
ATTACK MOVE TO (-1,1)
You barely miss the kobold. Your grab misses the kobold.
You squeeze the kobold.
The kobold is almost dead.
You feel sick. The adder bites you. The kobold barely misses you.
ATTACK MOVE TO (-1,1)
You closely miss the kobold. Your grab misses the kobold.
The kobold is almost dead.
The adder barely misses you. The kobold hits you. The adder closely misses you.
ATTACK MOVE TO (-1,1)
You miss the kobold. Your grab misses the kobold.
Your squeeze misses the kobold.
The kobold is almost dead.
You die...

#.###... ### #...... #..
####.....###########
................##.....#
#....###...........(....
...(.#......b...(.......
8.......####.%..########
...(...%((.%............
......)x####....########
......KS# #....#
......... #....#
.......... #....#
8.###......###### .
#......# #......#
##......


You could see an adder and a kobold.

Table legend:
 A = Turns spent in this place as a percentage of turns spent in the entire game.
 B = Non-inter-level travel turns spent in this place as a percentage of non-inter-level travel turns spent in the entire game.
 C = Inter-level travel turns spent in this place as a percentage of turns spent in this place.
 D = Turns resting spent in this place as a percentage of non-inter-level travel turns spent in this place.
 E = Turns spent auto-exploring this place as a percentage of non-inter-level travel turns spent in this place.
 F = Non-inter-level travel turns spent in this place divided by the number of levels of this place that you've seen.
                   A       B       C       D       E      F
               +-------+-------+-------+-------+-------+----------------------
         Total | 100.0 | 100.0 |   0.4 |   1.5 |   1.9 | 1443.5
       Dungeon | 100.0 | 100.0 |   0.4 |   1.5 |   1.9 | 1443.5
               +-------+-------+-------+-------+-------+----------------------

Table legend:
 A = Kills in this place as a percentage of kills in entire the game.
 B = Kills by you in this place as a percentage of kills by you in the entire game.
 C = Kills by friends in this place as a percentage of kills by friends in the entire game.
 D = Other kills in this place as a percentage of other kills in the entire game.
 E = Experience gained in this place as a percentage of experience gained in the entire game.
 F = Experience gained in this place divided by the number of levels of this place that you have seen.
                   A       B       C       D       E      F
               +-------+-------+-------+-------+-------+----------------------
         Total | 100.0 | 100.0 |  -nan |  -nan | 100.0 |  59.0
       Dungeon | 100.0 | 100.0 |  -nan |  -nan | 100.0 |  59.0
               +-------+-------+-------+-------+-------+----------------------

Vanquished Creatures
  Natasha (twice) (D:2)
  9 bats
  6 goblins
  6 hobgoblins
  7 jackals
  2 kobolds
  A ball python (D:1)
  2 giant cockroaches (D:1)
  8 giant newts
  5 rats (D:1)
48 creatures vanquished.

Notes
Turn   | Place    | Note
--------------------------------------------------------------
     0 | D:1      | jw the Octopode Berserker began the quest for the Orb.
     0 | D:1      | Reached XP level 1. HP: 16/16 MP: 1/1
   269 | D:1      | Reached XP level 2. HP: 21/21 MP: 2/2
   281 | D:1      | Reached skill level 1 in Stealth
   493 | D:1      | Reached ** piety under Trog
   700 | D:1      | Reached XP level 3. HP: 22/26 MP: 3/3
  1454 | D:2      | Noticed Natasha
  1462 | D:2      | Killed Natasha
  1462 | D:2      | Reached skill level 1 in Throwing
  1462 | D:2      | Reached XP level 4. HP: 24/31 MP: 4/4
  1618 | D:2      | Found a stormy altar of Qazlal.
  1815 | D:2      | Noticed Natasha
  1822 | D:2      | Killed Natasha
  1989 | D:2      | HP: 1/31 [kobold (3)]
  1990 | D:2      | Succumbed to an adder's poison

Action                   |  1- 3 |  4- 6 || total
-------------------------+-------+-------++-------
Melee: Short sword       |    63 |    34 ||    97
Throw: Stone             |    37 |    18 ||    55
Invok: Berserk           |     1 |       ||     1
  Use: Scroll            |     3 |       ||     3
       Potion            |     3 |       ||     3
 Stab: Sleeping          |     7 |       ||     7
  Eat: Chunk             |     2 |     3 ||     5

Vault maps used:
D:1:      tarquinn_simple_flora_water_d
D:2:      st_stairs_1, grunt_qazlal_sundering, uniq_natasha
